 Dungeon Crawl Stone Soup version 0.23.1-37-gaa34b87b72 (webtiles) character file.

Game seed: 7130599683532144906

1211 Marnok the Chopper (level 8, -1/70 HPs)
             Began as a Green Draconian Berserker on Mar 19, 2019.
             Was a Priest of Trog.
             Shot with an arrow by a centaur (7 damage)
             ... on level 6 of the Dungeon.
             The game lasted 00:29:27 (6818 turns).

Marnok the Chopper (Green Draconian Berserker)      Turns: 6818, Time: 00:29:28

Health: -1/70      AC:  7    Str: 22    XL:     8   Next: 22%
Magic:  8/8        EV: 14    Int:  7    God:    Trog [***...]
Gold:   257        SH:  0    Dex: 11    Spells: 7/7 levels left

rFire    . . .     SeeInvis .   a - +0 hand axe
rCold    . . .     Gourm    .   (no shield)
rNeg     . . .     Faith    .   (armour unavailable)
rPois    +         Spirit   .   (helmet restricted)
rElec    .         Reflect  .   (no cloak)
rCorr    .         Harm     .   i - +0 pair of gloves
MR       .....                  (no boots)
Stlth    ++........             (no amulet)
HPRegen  0.21/turn              m - ring of flight
MPRegen  0.11/turn              q - ring of wizardry

@: no status effects
A: breathe noxious fumes, unfitting armour, poison resistance, cold-blooded, AC
+6
a: Breathe Noxious Fumes, Berserk, Trog's Hand, Renounce Religion, Evoke Flight


You were on level 6 of the Dungeon.
You worshipped Trog.
Trog was most pleased with you.
You were near starving.

You visited 1 branch of the dungeon, and saw 6 of its levels.

You collected 257 gold pieces.

Inventory:

Hand Weapons
 a - a +0 hand axe (weapon)
 e - a cursed +0 mace
 f - a +3 quarterstaff of chaos
 p - a +1 shortbow of freezing
Missiles
 k - 16 tomahawks (quivered)
 s - a throwing net
Armour
 i - a +0 pair of gloves (worn)
 n - a +0 cloak
Jewellery
 m - a ring of flight (left hand)
 q - a ring of wizardry (right hand)
 r - an uncursed ring of protection from fire
Wands
 c - a wand of iceblast (9)
Scrolls
 d - 4 scrolls of identify
 g - 2 scrolls of remove curse
 h - 5 scrolls of teleportation
Potions
 l - 3 potions of agility
 o - 2 potions of magic
Comestibles
 b - 7 rations


   Skills:
 + Level 5.7 Fighting
 + Level 7.4 Axes
 + Level 5.0 Dodging
 + Level 3.2 Stealth


You had 7 spell levels left.
You didn't know any spells.
Your spell library contained the following spells:

 Spells                   Type           Power        Failure   Level  Hunger
 Sandblast                Erth           #.....       19%         1    ##.....
 Passwall                 Tmut/Erth      #.......     26%         2    ###....
 Stone Arrow              Conj/Erth      #.....       45%         3    ####...
 Petrify                  Tmut/Erth      #.......     86%         4    #####..
 Lee's Rapid Deconstruct  Erth           #.........   99%         5    ######.


Dungeon Overview and Level Annotations

Branches:
Dungeon (6/15)             Temple (0/1) D:4

Altars:
Ashenzari
Ru
Sif Muna
Zin


Innate Abilities, Weirdness & Mutations

You can breathe blasts of noxious fumes.
Your lurid green scales are hard. (AC +6)
You cannot fit into any form of body armour.
Your system is resistant to poisons. (rPois)
You are cold-blooded and may be slowed by cold attacks.


Message History

The bullfrog hits you.
* * * LOW HITPOINT WARNING * * *
Things that are here:
a +0 shortbow; 17 arrows You barely miss the bullfrog.
The bullfrog is severely wounded.
The bullfrog closely misses you.
You slash the bullfrog!
You kill the bullfrog!
Trog accepts your kill.
You closely miss the bullfrog.
The bullfrog is almost dead.
The bullfrog completely misses you. The bullfrog closely misses you.
You hit the bullfrog.
You kill the bullfrog!
Trog accepts your kill.
Your Dodging skill increases to level 5!
The centaur wields a +0 shortbow.
The centaur shoots an arrow.
The arrow hits you!
You die...

....... .......#.....
..S.... ..
.......+..... .......
... ......#.....
....... ...
.##....##.### #######
..#.# # #..#....##+###
#?#.#.#.#.#..........
#. #.#c#.##.#..........
#. #?($###.#..........
##. #@#.##.##'########
#..# #.#)#.#...........
#...#.###.#............
#....#####.............
#......................
#...<..#...#...........
#......#...#...........
#......#...########+#..
#####+######


You could see a centaur.

Vanquished Creatures
  Menkaure (D:5)
  2 ogres (D:6)
  A centaur (D:6)
  3 bullfrogs
  A scorpion (D:5)
  A centaur zombie (D:6)
  A hound (D:5)
  Crazy Yiuf (D:2)
  3 centaur skeletons
  2 orc priests
  4 orc wizards
  2 worker ants
  A hound skeleton (D:4)
  Robin (D:4)
  2 gnolls (D:4)
  3 adders
  2 shadow imps (D:5)
  An ooze (D:2)
  A worm (D:3)
  A dart slug (D:1)
  7 leopard geckos
  17 orcs
  2 ball pythons
  3 giant cockroaches
  12 hobgoblins
  4 jackals
  A quokka (D:3)
  7 bats
  2 frilled lizards
  17 goblins
  7 kobolds
  A quokka skeleton (D:6)
  4 rats
118 creatures vanquished.

Notes
Turn   | Place    | Note
-------+----------+-------------------------------------------
     0 | D:1      | Marnok the Draconian Berserker began the quest for the Orb.
     0 | D:1      | Reached XP level 1. HP: 19/19 MP: 1/1
    42 | D:3      | Found a shattered altar of Ashenzari.
   719 | D:3      | Reached XP level 2. HP: 16/26 MP: 2/2
  1237 | D:1      | Reached XP level 3. HP: 27/31 MP: 3/3
  1861 | D:2      | Reached ** piety under Trog
  1932 | D:2      | Found a sacrificial altar of Ru.
  1943 | D:2      | Reached XP level 4. HP: 34/40 MP: 4/4
  2040 | D:2      | Reached skill level 4 in Axes
  2422 | D:2      | Noticed a bullfrog
  2435 | D:2      | Killed a bullfrog
  2435 | D:2      | Reached skill level 1 in Stealth
  2435 | D:2      | Reached XP level 5. HP: 13/46 MP: 5/5
  2695 | D:2      | Found a runed translucent door.
  2696 | D:2      | Noticed Crazy Yiuf
  2710 | D:2      | Killed Crazy Yiuf
  3093 | D:3      | Found a deep blue altar of Sif Muna.
  3105 | D:3      | Reached skill level 5 in Axes
  3111 | D:3      | Reached XP level 6. HP: 52/53 MP: 6/6
  3473 | D:5      | Entered Level 5 of the Dungeon
  4273 | D:4      | Found a glowing silver altar of Zin.
  4296 | D:4      | Noticed Robin
  4544 | D:4      | Found a staircase to the Ecumenical Temple.
  4556 | D:4      | Killed Robin
  4660 | D:4      | Reached *** piety under Trog
  5048 | D:5      | Noticed Menkaure
  5059 | D:5      | Killed Menkaure
  5059 | D:5      | Your scales start taking on a lurid green colour.
  5059 | D:5      | Reached XP level 7. HP: 23/60 MP: 7/7
  5059 | D:5      | Gained mutation: Your system is resistant to poisons.
                  | (rPois) [Green Draconian growth]
  5522 | D:5      | Reached skill level 6 in Axes
  5748 | D:5      | Reached skill level 5 in Fighting
  6728 | D:6      | Reached skill level 7 in Axes
  6728 | D:6      | Reached XP level 8. HP: 69/69 MP: 8/8
  6817 | D:6      | Reached skill level 5 in Dodging
  6818 | D:6      | Shot with an arrow by a centaur

Skill      XL: |  1  2  3  4  5  6  7  8 |
---------------+-------------------------+-----
Dodging        | 3 4 5 |  5.0
Axes           | 4 5 7 |  7.4
Fighting       | 4 5 |  5.7
Stealth        | 1 2 3 |  3.2

Action                   |  1- 3 |  4- 6 |  7- 9 || total
-------------------------+-------+-------+-------++-------
Melee: Hand axe          |   115 |   191 |   113 ||   419
       Tailslap          |     7 |    21 |    20 ||    48
Invok: Berserk           |     1 |     4 |     1 ||     6
 Abil: Breathe Noxious F |       |       |     1 ||     1
  Use: Potion            |       |     3 |       ||     3
       Scroll            |       |     8 |       ||     8
 Stab: Sleeping          |     2 |     3 |     4 ||     9
       Paralysed         |       |     1 |       ||     1
  Eat: Chunk             |     4 |     9 |     3 ||    16
       Ration            |       |     1 |     1 ||     2
Armor: Skin              |    65 |    60 |    29 ||   154
Dodge: Dodged            |   104 |   157 |    92 ||   353
